 Dungeon Crawl Stone Soup version 0.26-a0-651-gb41185065b (webtiles) character file.

Game seed: 4361155675686092609

41098 Flugslaktarn the Grappler (level 13, -2/124 HPs)
             Began as a Troll Fighter on Oct 27, 2020.
             Was a High Priest of Cheibriados.
             Killed by the air
             ... invoked by a wind drake (shapeshifter)
              (14 damage)
             ... on level 15 of the Dungeon.
             The game lasted 00:08:23 (11508 turns).

Flugslaktarn the Grappler (Troll Fighter)          Turns: 11508, Time: 00:08:23

Health: -2/124     AC:  8    Str: 41    XL:     13   Next: 78%
Magic:  13/18      EV: 13    Int: 20    God:    Cheibriados [*****.]
Gold:   425        SH: 30    Dex: 25    Spells: 14/20 levels left

rFire    . . .     SeeInvis +     - Unarmed
rCold    . . .     Faith    .   I - +3 tower shield {rN+}
rNeg     + . .     Spirit   .   y - +0 troll leather armour
rPois    .         Reflect  +   (helmet restricted)
rElec    .         Harm     .   (no cloak)
rCorr    .         Rampage  .   (gloves unavailable)
MR       +....                  (boots unavailable)
Stlth    ++........             B - amulet of reflection
HPRegen  1.10/turn              i - ring of see invisible
MPRegen  0.16/turn              m - ring of protection from magic

@: lethally poisoned (-2 -> -3), very slow
A: large, unfitting armour, claws 3, regeneration 1, shaggy fur 1, tough skin 3
a: Bend Time, Temporal Distortion, Slouch, Step From Time, Renounce Religion


You were on level 15 of the Dungeon.
You worshipped Cheibriados.
Cheibriados was extremely pleased with you.
You visited 1 branch of the dungeon, and saw 15 of its levels.
You visited 1 bazaar.

You collected 1710 gold pieces.
You spent 1285 gold pieces at shops.

Inventory:

Missiles
 a - 4 throwing nets (quivered)
Armour
 b - a +0 kite shield
 y - a +0 troll leather armour (worn)
   (You found it on level 6 of the Dungeon)
 I - a +3 tower shield of positive energy (worn)
   (You acquired it on level 8 of the Dungeon)
Jewellery
 i - a ring of see invisible (left claw)
   (You found it on level 9 of the Dungeon)
 m - a ring of protection from magic (right claw)
   (You took it off a kobold on level 11 of the Dungeon)
 o - an uncursed amulet of the acrobat
   (You found it on level 2 of the Dungeon)
 u - a +6 ring of strength {unknown}
   (You found it on level 13 of the Dungeon)
 B - an amulet of reflection (around neck)
   (You found it on level 6 of the Dungeon)
 J - the ring "Cojihyot" {MP+9 Dex+2, unknown}
   (You found it on level 14 of the Dungeon)

   [ring of magical power]

   It affects your dexterity (+2).
   It affects your magic capacity (+9).
Wands
 g - a wand of digging (12)
   (You found it on level 12 of the Dungeon)
 k - a wand of iceblast (12)
   (You found it on level 9 of the Dungeon)
 F - a wand of acid (7)
   (You found it on level 11 of the Dungeon)
Scrolls
 j - a scroll of enchant armour
 l - 3 scrolls of magic mapping
 r - 5 scrolls of identify
 s - a scroll of summoning
 t - 3 scrolls of teleportation
 v - 2 scrolls of fog
 x - 4 scrolls of remove curse
 z - 3 scrolls of blinking
 D - 3 scrolls of immolation
 G - 2 scrolls of vulnerability
Potions
 c - a potion of berserk rage
 d - 3 potions of might
 e - 3 potions of flight
 f - 3 potions of lignification
 h - 2 potions of haste
 n - 2 potions of resistance
 p - a potion of cancellation
 q - 8 potions of curing
 w - a potion of heal wounds
 A - 3 potions of invisibility
 E - 2 potions of ambrosia
 H - a potion of magic {unknown}
 K - a potion of brilliance {unknown}
Miscellaneous
 C - a tin of tremorstones (2/3)
   (You bought it in a shop in a bazaar)


   Skills:
 - Level 7.5 Fighting
 - Level 6.0 Dodging
 - Level 9.0 Shields
 - Level 11.0 Unarmed Combat
 - Level 4.0 Spellcasting
 + Level 4.8 Transmutations
 + Level 10.1 Earth Magic
 + Level 6.0 Invocations


You had 14 spell levels left.
You knew the following spells:

 Your Spells              Type           Power        Failure   Level
a - Statue Form           Tmut/Erth      ####.....    98%         6

Your spell library contained the following spells:

 Spells                   Type           Power        Failure   Level
 Sandblast                Erth           #####.       1%          1
 Passwall                 Tmut/Erth      ####....     3%          2
 Stone Arrow              Conj/Erth      ###...       19%         3
 Petrify                  Tmut/Erth      ####....     22%         4
 Lee's Rapid Deconstruct  Erth           #####.....   22%         5
 Corona                   Hex            #......      45%         1
 Ensorcelled Hibernation  Hex/Ice        #.....       58%         2
 Confusing Touch          Hex            #.......     83%         3
 Dazzling Flash           Conj/Hex       #.....       83%         3
 Tukima's Dance           Hex            #.......     83%         3
 Irradiate                Conj/Tmut      ##........   99%         5
 Hydra Form               Tmut           ###.......   100%        6
 Dragon Form              Tmut           ###.......   100%        7


Dungeon Overview and Level Annotations

Branches:
Dungeon (15/15)            Temple (0/1) D:4            Lair (0/6) D:10
    Orc (0/2) D:10         Vaults (0/5) D:13
 Depths: D:15

Altars:
Cheibriados
Elyvilon
Fedhas
Hepliaklqana
Nemelex Xobeh
Ru
Trog
Vehumet
Xom
Zin

Shops:
D:8 :   D:14 =?

Annotations:
D:9 3 runed translucent doors, Flugslaktarn's ghost, novice TrFi
D:14 2 transporters, Dido's ghost, journeyman MiFi


Innate Abilities, Weirdness & Mutations

You are too large for most types of armour.
You have claws for hands.
Your natural rate of healing is unusually fast.
You are covered in fur. (AC +1)
You have extremely tough skin. (AC +3)


Message History

* * * LOW HITPOINT WARNING * * *
Unknown command.
You barely miss the wind drake.
The wind drake is heavily wounded.
The wolf spider hits you!!
* * * LOW HITPOINT WARNING * * *
The wolf spider bites you!
* * * LOW HITPOINT WARNING * * *
You are poisoned.
The wolf spider poisons you!
Unknown command.
Press: ? - help, Dir - move target cursor
Okay, then.
Okay, then.
You can feel time thicken for a moment.
Cheibriados lowers the support of your attributes as your movement quickens.
You feel sick. You block the wolf spider's attack. x2
The wind drake flaps its wings at you. The air twists around and strikes you!
You die...

#.#... #...... ...
...... #.....#.... .
..... #.....#....#
..##... ...........#
......####.#...#....#
#....#....#...#....###
.#. #......#).....(...#
....#..k...)......))..#
..(......@..........)..#
........s.)....))......#
.....####.....)).......#
.<.............)).[....#
##..................[..#
...................)))(#
.$#######..........#####
#..........#
#..........#


You could see a wind drake (repels missiles) and a wolf spider.

Vanquished Creatures
  An ogre mage (D:15)
  8 vault guards (D:13)
  2 centaur warriors
  3 two-headed ogres (D:15)
  A tengu warrior (D:15)
  3 skeletal warriors (D:15)
  A wizard (D:14)
  Pikel (D:8)
  A wolf spider zombie (D:15)
  A deep elf mage (D:14)
  9 ugly things
  3 cyclopes
  A manticore (D:14)
  A centaur zombie (D:11)
  Joseph (D:8)
  A gargoyle (D:14)
  A komodo dragon (D:10)
  A tengu conjurer (D:15)
  3 trolls
  3 meliai (D:15)
  Grinder (D:3)
  Prince Ribbit (D:9)
  2 harpy skeletons
  A hippogriff (D:9)
  A vampire (D:14)
  A shadow (D:15)
  A centaur simulacrum (D:14)
  A wyvern (D:12)
  2 wraiths (D:14)
  4 yaks (D:12)
  6 vampire mosquitoes
  Menkaure (D:6)
  4 wargs (D:12)
  An acid dragon (D:15)
  3 sky beasts
  3 ice beasts
  5 orc warriors
  2 necrophages
  A phantom (D:14)
  2 hornet zombies
  5 ogres
  5 black bears
  12 centaurs
  A crocodile (D:9)
  5 big kobolds
  2 lemures (D:8)
  10 bullfrogs
  2 wyvern zombies
  5 scorpions
  6 killer bees (D:9)
  15 wights
  A howler monkey (D:11)
  2 electric eels
  A crimson imp (D:14)
  A quasit (D:12)
  A bullfrog zombie (D:6)
  3 jellies
  9 orc priests
  7 centaur skeletons
  3 hounds
  8 orc wizards
  An iguana (D:6)
  6 worker ants
  A hound skeleton (D:4)
  A worker ant zombie (D:10)
  Robin (D:2)
  14 gnolls
  12 adders
  A shadow imp (D:5)
  4 white imps
  An ufetubus (D:7)
  2 oozes
  2 adder zombies
  3 worms
  2 dart slugs
  7 leopard geckos
  34 orcs
  2 ball pythons
  4 giant cockroaches
  15 goblins
  11 hobgoblins
  3 jackals (D:6)
  33 kobolds
  A quokka (D:12)
  A ball python zombie (D:5)
  10 bats
  3 frilled lizards
  2 leopard gecko skeletons (D:4)
  2 quokka skeletons (D:7)
  4 rats
  A butterfly (D:5)
377 creatures vanquished.

Vanquished Creatures (others)
  4 kobolds
  2 plants (D:10)
6 creatures vanquished.

Grand Total: 383 creatures vanquished

Notes
Turn   | Place    | Note
-------+----------+-------------------------------------------
     0 | D:1      | Flugslaktarn the Troll Fighter began the quest for the Orb.
     0 | D:1      | Reached XP level 1. HP: 22/22 MP: 0/0
    69 | D:1      | Reached XP level 2. HP: 29/29 MP: 1/1
   371 | D:1      | Reached skill level 3 in Unarmed Combat
   469 | D:1      | Reached XP level 3. HP: 36/36 MP: 2/2
   860 | D:2      | Reached XP level 4. HP: 44/45 MP: 3/3
   870 | D:2      | Noticed Robin
   885 | D:2      | Killed Robin
   887 | D:2      | Reached skill level 4 in Unarmed Combat
  1324 | D:3      | Found a snail-covered altar of Cheibriados.
  1407 | D:3      | Became a worshipper of Cheibriados the Contemplative
  1477 | D:3      | Found a white marble altar of Elyvilon.
  1584 | D:3      | Found a hazy altar of Hepliaklqana.
  1702 | D:3      | Reached XP level 5. HP: 53/53 MP: 4/4
  1806 | D:3      | Found a faded altar of an unknown god.
  1862 | D:3      | Found a glowing silver altar of Zin.
  1927 | D:3      | Noticed Grinder
  1929 | D:3      | Paralysed by Grinder for 6 turns
  1944 | D:3      | Killed Grinder
  1944 | D:3      | Reached skill level 5 in Unarmed Combat
  1944 | D:3      | Reached XP level 6. HP: 30/62 MP: 5/5
  2219 | D:4      | Reached skill level 6 in Unarmed Combat
  2398 | D:4      | Reached XP level 7. HP: 38/70 MP: 6/6
  2404 | D:4      | Reached * piety under Cheibriados
  2632 | D:4      | Found a staircase to the Ecumenical Temple.
  2860 | D:5      | Entered Level 5 of the Dungeon
  3231 | D:5      | Found a shimmering altar of Xom.
  3760 | D:6      | Reached skill level 7 in Unarmed Combat
  3845 | D:6      | Reached skill level 5 in Fighting
  3856 | D:6      | Reached XP level 8. HP: 57/80 MP: 7/7
  3865 | D:6      | Reached skill level 8 in Unarmed Combat
  3922 | D:6      | Reached ** piety under Cheibriados
  4023 | D:6      | Noticed Menkaure
  4027 | D:6      | Killed Menkaure
  4277 | D:6      | Reached skill level 9 in Unarmed Combat
  4492 | D:7      | Reached *** piety under Cheibriados
  4658 | D:7      | Reached XP level 9. HP: 82/89 MP: 8/8
  4949 | D:7      | Reached skill level 10 in Unarmed Combat
  5377 | D:8      | Reached **** piety under Cheibriados
  5467 | D:8      | Found a radiant altar of Vehumet.
  5534 | D:8      | Found a bloodstained altar of Trog.
  5544 | D:8      | Noticed Joseph
  5556 | D:8      | Killed Joseph
  5625 | D:8      | Identified a scroll of acquirement
  5625 | D:8      | Acquired a +2 tower shield of positive energy
  5674 | D:8      | Found Ibuoregi's Book Shoppe.
  5684 | D:8      | Found a sacrificial altar of Ru.
  5741 | D:8      | Noticed Pikel
  5752 | D:8      | Killed Pikel
  5752 | D:8      | Reached skill level 5 in Dodging
  5752 | D:8      | Reached skill level 5 in Shields
  5828 | D:8      | Found a sparkling altar of Nemelex Xobeh.
  5830 | D:8      | Found a blossoming altar of Fedhas.
  6054 | D:9      | Reached XP level 10. HP: 96/100 MP: 9/9
  6083 | D:9      | Found a runed translucent gate.
  6083 | D:9      | Found a runed translucent gate.
  6085 | D:9      | Found a runed translucent gate.
  6085 | D:9      | Noticed a great orb of eyes
  6085 | D:9      | Noticed Flugslaktarn's ghost (novice TrFi)
  6273 | D:9      | Noticed Prince Ribbit
  6297 | D:9      | Killed Prince Ribbit
  6391 | D:9      | Reached ***** piety under Cheibriados
  6815 | D:10     | Entered Level 10 of the Dungeon
  6990 | D:10     | Found a staircase to the Orcish Mines.
  7233 | D:10     | Found a staircase to the Lair.
  7605 | D:11     | Noticed a brown ugly thing
  7625 | D:11     | Killed a brown ugly thing
  7965 | D:11     | Reached XP level 11. HP: 106/106 MP: 10/10
  8504 | D:8      | Bought a book of Transfigurations for 660 gold pieces
  8511 | D:8      | Learned a level 6 spell: Statue Form
  8767 | D:12     | Reached XP level 12. HP: 111/115 MP: 11/11
  8775 | D:12     | Reached skill level 1 in Invocations
  9091 | D:12     | Reached skill level 1 in Transmutations
  9247 | D:12     | Reached skill level 1 in Spellcasting
  9511 | D:13     | Reached ****** piety under Cheibriados
  9561 | D:13     | Noticed a vault guard
  9561 | D:13     | Noticed a vault guard
  9561 | D:13     | Noticed a vault guard
  9561 | D:13     | Noticed a vault guard
  9562 | D:13     | Found a gate to the Vaults.
  9562 | D:13     | Noticed a vault guard
  9562 | D:13     | Noticed a vault guard
  9562 | D:13     | Noticed a vault guard
  9562 | D:13     | Noticed a vault guard
  9575 | D:13     | Killed a vault guard
  9581 | D:13     | Killed a vault guard
  9592 | D:13     | Killed a vault guard
  9603 | D:13     | Killed a vault guard
  9609 | D:13     | Killed a vault guard
  9617 | D:13     | Killed a vault guard
  9623 | D:13     | Killed a vault guard
  9627 | D:13     | Killed a vault guard
 10128 | D:13     | Noticed a centaur warrior
 10130 | D:13     | Killed a centaur warrior
 10134 | D:13     | Reached skill level 11 in Unarmed Combat
 10134 | D:13     | Reached XP level 13. HP: 124/124 MP: 15/15
 10308 | D:14     | Found a flickering gateway to a bazaar.
 10314 | Bazaar   | Entered a bazaar
 10341 | Bazaar   | Found Vovosag's General Store.
 10356 | Bazaar   | Found Pextaraimn's Gadget Emporium.
 10371 | Bazaar   | Found Jupn's General Store.
 10371 | Bazaar   | Found Baxzy's Magic Scroll Shoppe.
 10397 | Bazaar   | Acquired 721 gold pieces
 10430 | Bazaar   | Bought a tin of tremorstones (3/3) for 520 gold pieces
 10461 | Bazaar   | Bought a scroll of blinking for 105 gold pieces
 10566 | D:14     | Found Ypodor's Jewellery Shop.
 10758 | D:14     | Found a transporter.
 10770 | D:14     | Noticed Dido's ghost (journeyman MiFi)
 10793 | D:14     | Found a transporter.
 10889 | D:14     | Got an ancient bone ring
 10943 | D:14     | Found Fuawniha's Magic Scroll Shop.
 11268 | D:15     | Entered Level 15 of the Dungeon
 11286 | D:15     | Reached skill level 5 in Invocations
 11399 | D:15     | Reached skill level 10 in Earth Magic
 11508 | D:15     | Killed from afar by a wind drake (shapeshifter)

Illustrated notes

Levels and vault maps discovered:
D:1:      dpeg_arrival_windows_large_door, layout_loops_corners,
          grunt_decor_cap, st_stairs_8
D:2:      layout_rooms, uniq_robin
D:3:      lemuel_upstairs_altar, layout_basic, zin_statuary, elyvilon_altar_5,
          cheibriados_altar_1, old_standard_altar,
          chequers_ecumenical_altar_island, uniq_grinder
D:4:      layout_gridville, minmay_temple_entry_slanted,
          hangedman_abyss_or_decor_passed, minmay_circle_x
D:5:      layout_basic, xom_butterflies
D:6:      layout_cave_pools, chequers_serial_rivers_large_b, uniq_menkaure
D:7:      layout_gridville, grunt_decor_mini_mirrors
D:8:      layout_loops_ring, fiery_altar_vehumet,
          nicolae_ru_sacrificial_ziggurat, gammafunk_temple_overflow_wave,
          serial_shops, nicolae_shop_behind_doors, trog_ov_bears_minmay,
          uniq_joseph, uniq_pikel
D:9:      layout_roguey, gammafunk_ghost_split, minmay_misc_feat_hallway,
          uniq_prince_ribbit1
D:10:     layout_rooms, david_lair_shrubbed, orc_0_dummy, serial_glass,
          glass_columns_b, glass_columns_c
D:11:     layout_basic
D:12:     layout_cave_pods, nooodl_orcs_dogs
D:13:     layout_basic, erik_vaults_2
D:14:     layout_loops_ring, gammafunk_ghost_stat_death, serial_shops,
          bzr_entry_dummy, nicolae_shop_trees, shop, lightli_wizard_tower
D:15:     hangedman_depths_entry_try_elsewhere_first, layout_rooms,
          minmay_misc_feat_four_crosses

Skill      XL: |  1  2  3  4  5  6  7  8  9 10 11 12 13 |
---------------+----------------------------------------+-----
Unarmed Combat | 3 4 5 6 7 9 10 11 | 11.0
Fighting       | 3 4 5 6 7 |  7.5
Dodging        | 5 6 |  6.0
Shields        | 5 9 |  9.0
Earth Magic    | 8 9 10 | 10.1
Invocations    | 3 6 |  6.0
Transmutations | 3 4 |  4.8
Spellcasting   | 2 4 |  4.0

Action                   |  1- 3 |  4- 6 |  7- 9 | 10-12 | 13-15 || total
-------------------------+-------+-------+-------+-------+-------++-------
Melee: Unarmed           |    61 |   128 |   271 |   391 |   173 ||  1024
Invok: Slouch            |       |       |       |       |     3 ||     3
Evoke: Wand              |       |       |       |     2 |       ||     2
       Tin of tremorston |       |       |       |       |     1 ||     1
  Use: Scroll            |       |       |    18 |     3 |     3 ||    24
       Potion            |       |       |     1 |     5 |     3 ||     9
 Stab: Sleeping          |       |       |       |     4 |     1 ||     5
Armor: Robe              |    19 |    48 |    13 |       |       ||    80
       Troll leather arm |       |       |    50 |    34 |    19 ||   103
Dodge: Dodged            |    31 |    46 |    76 |    57 |    40 ||   250
Block: Kite shield       |    26 |    58 |    95 |       |       ||   179
       Tower shield      |       |       |    41 |   461 |   270 ||   772
       Reflection        |       |       |     3 |    43 |    12 ||    58

Table legend: (Time is in decaauts)
 A = Elapsed time spent in this place.
 B = Non-inter-level travel time spent in this place.
 C = Inter-level travel time spent in this place.
 D = Time resting spent in this place.
 E = Time spent auto-exploring this place.
 F = Levels seen in this place.
 G = Mean time per level.
                   A        B        C        D        E       F      G
               +--------+--------+--------+--------+--------+-----+--------+
         Total |  17202 |  15935 |   1267 |    191 |  13092 |  16 | 1075.1 |
       Dungeon |  16835 |  15568 |   1267 |    191 |  12933 |  15 | 1122.3 |
        Bazaar |    366 |    366 |      0 |      0 |    159 |   1 |  366.0 |
               +--------+--------+--------+--------+--------+-----+--------+

Top non-repeatable levels by time:
    D:11: 1709 daAuts
    D:13: 1669 daAuts
    D:12: 1628 daAuts
     D:9: 1403 daAuts
     D:8: 1397 daAuts
    D:14: 1361 daAuts
     D:5: 1215 daAuts
     D:7: 1137 daAuts
     D:3: 1054 daAuts
     D:6: 911 daAuts
     D:4: 907 daAuts
    D:10: 893 daAuts
     D:1: 795 daAuts
     D:2: 457 daAuts
  Bazaar: 366 daAuts
